 Dungeon Crawl Stone Soup version 0.30-a0-778-g2ef04afb54 (webtiles) character file.

Game seed: 11692716185084219663

492 sanka the Cudgeller (level 6, 0/47 HPs)
             Began as a Mummy Chaos Knight on Feb 17, 2023.
             Was a Plaything of Xom.
             Slain by a gnoll
             ... wielding a +0 flail
              (4 damage)
             ... on level 4 of the Dungeon.
             The game lasted 00:04:49 (2642 turns).

sanka the Cudgeller (Mummy Chaos Knight)            Turns: 2642, Time: 00:04:50

Health: 0/47       AC:  6    Str: 18    XL:     6   Next: 91%
Magic:  0/6        EV: 11    Int: 11    God:    Xom [.*....]
Gold:   129        SH:  0    Dex: 11    Spells: 5/5 levels left

rFire   x . .      SeeInvis .    a - +0 mace (chaos)
rCold   + . .      Faith    +    (no shield)
rNeg    + + +      Spirit   +    b - +2 leather armour
rPois   ∞          Reflect  .    i - +0 helmet
rElec   .          Harm     .    (no cloak)
rCorr   .          Rampage  .    (no gloves)
Will    .....                    (no boots)
Stlth   +                        e - amulet of guardian spirit
HPRegen 0.27/turn                (no ring)
MPRegen 0.10/turn                (no ring)

@: no status effects
A: cold resistance 1, negative energy resistance 3, torment resistance 2, heat
vulnerability 1, in touch with death 1, no potions, faith
a: Renounce Religion


You were on level 4 of the Dungeon.
You worshipped Xom.
You were a plaything of Xom.
You visited 1 branch of the dungeon, and saw 4 of its levels.

You collected 129 gold pieces.


Innate Abilities, Weirdness & Mutations

You are immune to poison.
Your flesh is cold resistant. (rC+)
You are immune to negative energy. (rN+++)
You are immune to unholy pain and torment.
You are vulnerable to heat. (rF-)
You are in touch with the powers of death.
You do not drink.
You have a special connection with the divine. (Faith)


   Skills:
 - Level 3.0 Fighting
 + Level 6.6 Maces & Flails
 - Level 1.5 Armour
 - Level 0.7 Dodging


You had 5 spell levels left.
You didn't know any spells.
Your spell library contained the following spells:

 Spells                   Type           Power      Damage    Failure   Level
 Apportation              Tloc           0%         N/A       38%         1
 Necrotise                Necr           0%         1d4       38%         1
 Shock                    Conj/Air       0%         1d3       38%         1
 Summon Small Mammal      Summ           0%         N/A       38%         1
 Gell's Gravitas          Tloc           0%         N/A       77%         3
 Ozocubu's Armour         Ice            0%         N/A       77%         3
 Swiftness                Air            0%         N/A       77%         3
 Teleport Other           Tloc           0%         N/A       77%         3
 Airstrike                Air            0%         2d(0-16)  99%         4
 Metabolic Englaciation   Hex/Ice        0%         N/A       100%        5
 Dispersal                Tloc           0%         N/A       100%        6
 Simulacrum               Ice/Necr       0%         N/A       100%        6

Inventory:

Hand Weapons
 a - a +0 mace of chaos (weapon)
Armour
 b - a +2 leather armour (worn)
 i - a +0 helmet (worn)
 k - a +0 pair of gloves
Jewellery
 e - an amulet of guardian spirit (around neck)
Wands
 j - a wand of digging (4)
Scrolls
 d - a scroll of magic mapping {unknown}
 f - 3 scrolls of identify {unknown}
 g - a scroll of amnesia {unknown}
 h - a scroll of immolation {unknown}
Miscellaneous
 c - a piece from Xom's chessboard (15/15) (quivered)

Dungeon Overview and Level Annotations

Branches:
Dungeon (4/15)
 Temple: D:4-7

Altars:
Okawaru
Xom
Yredelemnul

Annotations:
D:3 3 runed translucent doors, Flugslaktarn's ghost, weakling MiFi

. .. ▒▒▒ ▒.
.... ▒▒.. ▒..
.... ▒.. ▒..▒▒▒
▒.▒ ▒....▒▒▒.▒
▒.▒▒..▒▒)▒ ▒
▒▒..Mg▒▒▒.▒ ▒
▒▒▒).....▒ .▒
▒▒▒▒▒▒▒.▒▒▒▒▒▒▒
.▒▒
..........)...▒
▒...
▒▒▒▒▒▒▒..▒▒▒▒.▒
▒▒..▒ ▒▒.▒ ▒.▒
▒..▒
▒...▒▒.▒▒▒.▒▒▒▒
▒▒▒............
▒▒▒...▒▒▒▒▒▒▒


You could see a gnoll.


Message History

You hit the gnoll but do no damage. The gnoll misses you.
You hit the gnoll. You burn the gnoll.
The gnoll is heavily wounded.
The gnoll hits you with a +0 spear.
* * * LOW HITPOINT WARNING * * *
You hit the gnoll but do no damage.
The gnoll is heavily wounded.
The gnoll hits you with a +0 spear.
* * * LOW HITPOINT WARNING * * *
You sock the gnoll!
You kill the gnoll!
The gnoll hits you with a +0 flail!
* * * LOW HITPOINT WARNING * * *
You hit the gnoll but do no damage. The gnoll hits you with a +0 flail.
* * * LOW HITPOINT WARNING * * *
You hit the gnoll.
The gnoll is lightly wounded.
The gnoll hits you with a +0 flail.
You hit the gnoll. You burn the gnoll.
The gnoll is moderately wounded.
The gnoll closely misses you.
You barely miss the gnoll.
The gnoll is moderately wounded.
The gnoll hits you with a +0 flail.
You die... "Boring in life, boring in death..."

Action                     |  1- 3 |  4- 6 || total
---------------------------+-------+-------++-------
  Melee: Mace              |   122 |    96 ||   218
  Evoke: Piece from Xom's  |       |     1 ||     1
   Stab: Distracted        |       |     1 ||     1
 Armour: Leather armour    |    45 |    22 ||    67
  Dodge: Dodged            |    85 |    50 ||   135

Levels and vault maps discovered:
D:1:      dpeg_arrival_round_a, layout_basic
D:2:      layout_rooms, basic_altar, uniq_robin
D:3:      layout_loops_ring, nicolae_overflow_hidden_temple,
          ebering_ghost_rock_garden, chequers_garden, uniq_sigmund
D:4:      layout_basic, gup_sewer_entry_bowl, mrwooster_statue_mirror,
          serial_bayou_crossing, uniq_ijyb

Notes
Turn   | Place    | Note
-------+----------+-------------------------------------------
     0 | D:1      | sanka the Mummy Chaos Knight began the quest for the Orb.
     0 | D:1      | Reached XP level 1. HP: 18/18 MP: 1/1
   125 | D:1      | XOM: smoke on damage
   195 | D:1      | XOM: silly message
   197 | D:1      | Reached XP level 2. HP: 24/24 MP: 2/2
   206 | D:1      | XOM: silly message
   220 | D:1      | Reached skill level 3 in Maces & Flails
   220 | D:1      | XOM: divination: detect creatures
   263 | D:1      | XOM: potion effect (brilliance)
   312 | D:1      | XOM: noise
   463 | D:1      | XOM: scenery: 1 doors close
   874 | D:2      | Gained mutation: You are in touch with the powers of death.
                  | [Mummy growth]
   874 | D:2      | Reached XP level 3. HP: 27/29 MP: 3/3
   880 | D:2      | XOM: summons 3 friendly demons
   896 | D:2      | a goblin changed into a shapeshifter
   896 | D:2      | Noticed a shapeshifter (shapeshifter)
   896 | D:2      | a shapeshifter changed into a wyvern
   896 | D:2      | Noticed a wyvern (shapeshifter)
   896 | D:2      | Noticed Robin
   904 | D:2      | XOM: cast spell 'Dispersal'
   904 | D:2      | a wyvern changed into a troll
   904 | D:2      | Noticed a troll (shapeshifter)
   908 | D:2      | XOM: confuse monster(s)
   911 | D:2      | a troll changed into a human
   911 | D:2      | Noticed a human (shapeshifter)
   991 | D:1      | XOM: summons 1 hostile shadow creature
  1302 | D:2      | XOM: polymorph quokka -> rat
  1423 | D:2      | Noticed a two-headed ogre
  1425 | D:2      | Killed Robin
  1426 | D:2      | Reached skill level 4 in Maces & Flails
  1426 | D:2      | Reached XP level 4. HP: 35/35 MP: 4/4
  1483 | D:2      | XOM: cleaving
  1484 | D:2      | XOM: scenery: summon butterflies
  1485 | D:2      | XOM: summons friendly iron imp
  1554 | D:2      | Found a basalt altar of Yredelemnul.
  1575 | D:2      | XOM: god gift: wand of digging (4)
  1803 | D:3      | Noticed Sigmund
  1803 | D:3      | XOM: summons 4 friendly demons
  1815 | D:3      | Killed Sigmund
  1816 | D:3      | Reached skill level 5 in Maces & Flails
  1816 | D:3      | Reached XP level 5. HP: 41/41 MP: 5/5
  1870 | D:3      | an orc changed into a shapeshifter
  1870 | D:3      | Noticed a shapeshifter (shapeshifter)
  1870 | D:3      | a shapeshifter changed into something unseen
  1874 | D:3      | Noticed a tarantella
  1879 | D:3      | Killed a tarantella
  1880 | D:3      | Reached skill level 6 in Maces & Flails
  1880 | D:3      | Reached XP level 6. HP: 19/47 MP: 1/6
  1905 | D:3      | XOM: divination: magic mapping
  2082 | D:3      | XOM: blink monster(s)
  2195 | D:3      | Found a runed translucent gate.
  2196 | D:3      | Found a runed translucent gate.
  2197 | D:3      | Found a runed translucent gate.
  2323 | D:3      | Found an iron altar of Okawaru.
  2323 | D:3      | Found a shimmering altar of Xom.
  2410 | D:3      | Noticed Flugslaktarn's ghost (weakling MiFi)
  2639 | D:4      | HP: 3/47 [gnoll/+0 flail (3)]
  2642 | D:4      | Slain by a gnoll

Vanquished Creatures
  A tarantella (shapeshifter) (D:3)
  Sigmund (D:3)
  An iguana (D:4)
  2 gnolls (D:4)
  An adder (D:4)
  2 worms
  5 dart slugs
  4 orcs (D:3)
  6 ball pythons
  4 endoplasms
  A giant cockroach (D:2)
  16 goblins
  8 hobgoblins
  4 quokkas
  4 bats
  2 frilled lizards
  8 kobolds
  6 rats
76 creatures vanquished.

Vanquished Creatures (collateral kills)
  Robin (D:2)
  A dart slug (D:3)
  An endoplasm (D:3)
  A goblin (D:2)
  A hobgoblin (D:2)
  3 jackals (D:3)
8 creatures vanquished.

Vanquished Creatures (others)
  A dancing weapon (D:2)
  A plant (D:4)
2 creatures vanquished.

Grand Total: 86 creatures vanquished
